 Dungeon Crawl Stone Soup version 0.29-a0-284-gf9362112df (webtiles) character file.

Game seed: 939574766333994147

34 freelancePsychic the Stinger (level 3, 27/27 HPs)
             Began as a Formicid Wanderer on Mar 19, 2022.
             Was a Follower of Nemelex Xobeh.
             Quit the game on level 2 of the Dungeon.
             The game lasted 00:02:07 (1413 turns).

freelancePsychic the Stinger (Formicid Wanderer)    Turns: 1413, Time: 00:02:08

Health: 27/27      AC:  5    Str: 13    XL:     3   Next: 50%
Magic:  5/5        EV: 10    Int: 13    God:    Nemelex Xobeh [*.....]
Gold:   61         SH:  0    Dex: 13    Spells: 4/5 levels left

rFire   . . .      SeeInvis +   h - +0 short sword (drain)
rCold   . . .      Faith    .   (no shield)
rNeg    . . .      Spirit   .   d - +0 leather armour
rPois   .          Reflect  .   (helmet unavailable)
rElec   .          Harm     .   (no cloak)
rCorr   .          Rampage  .   c - +1 pair of gloves
Will    .....                   (no boots)
Stlth   ++........              (no amulet)
HPRegen 0.09/turn               (no ring)
MPRegen 0.09/turn               (no ring)

@: no status effects
A: permanent stasis, dig shafts and tunnels, antennae 3, four strong arms
a: Dig, Shaft Self, Renounce Religion, Draw Escape, Draw Destruction, Draw
Summoning


You were on level 2 of the Dungeon.
You worshipped Nemelex Xobeh.
Nemelex Xobeh was aware of your devotion.
You visited 1 branch of the dungeon, and saw 2 of its levels.

You collected 61 gold pieces.

Inventory:

Hand Weapons
 a - a +0 club
 h - a +0 short sword of draining (weapon)
Armour
 c - a +1 pair of gloves (worn)
 d - a +0 leather armour (worn)
Scrolls
 b - a scroll of fear
 f - a scroll of magic mapping {unknown}
 i - 4 scrolls of identify {unknown}
 j - a scroll of summoning {unknown}
Potions
 e - 2 potions of heal wounds {@q2}
 g - 2 potions of curing {unknown}


   Skills:
 + Level 1.9 Fighting
 - Level 3.1 Stealth
 - Level 3.0 Unarmed Combat
 + Level 1.7 Spellcasting
 + Level 4.4 Poison Magic
 + Level 0.2 Invocations


You had 4 spell levels left.
You knew the following spells:

 Your Spells              Type           Power      Damage    Failure   Level
a - Sting                 Tmut/Pois      24%        1d4       13%         1

Your spell library contained the following spells:

 Spells                   Type           Power      Damage    Failure   Level
 Ignite Poison            Fire/Tmut/Pois 5%         N/A       47%         3
 Mephitic Cloud           Conj/Pois/Air  5%         N/A       47%         3
 Gell's Gravitas          Tloc           1%         N/A       69%         3
 Inner Flame              Hex/Fire       1%         N/A       69%         3
 Lesser Beckoning         Tloc           1%         N/A       69%         3
 Teleport Other           Tloc           1%         N/A       69%         3
 Cause Fear               Hex            0%         N/A       97%         4
 Freezing Cloud           Conj/Ice/Air   0%         6-21      100%        5
 Discord                  Hex            0%         N/A       100%        8


Dungeon Overview and Level Annotations

Branches:
Dungeon (2/15)

Altars:
Nemelex Xobeh


Innate Abilities, Weirdness & Mutations

You cannot be hasted, slowed, berserked, paralysed or teleported.
You can dig through walls and to a lower floor.
You have a pair of large antennae on your head. (SInv)
Your four strong arms can wield two-handed weapons with a shield.


Message History

You kill the bat!
The bat hits you but does no damage.
The kobold throws a stone.
The stone hits you. The bat hits you but does no damage.
The kobold hits you but does no damage.
You hit the kobold but do no damage. You drain the kobold.
The kobold is severely wounded.
The bat barely misses you. The kobold hits you but does no damage.
You hit the kobold.
You kill the kobold!
The bat hits you but does no damage.
You miss the frilled lizard. The bat hits you but does no damage.
The frilled lizard barely misses you. The bat hits you but does no damage.
You hit the bat but do no damage. You drain the bat.
You kill the bat!
The frilled lizard closely misses you.
You hit the frilled lizard.
You kill the frilled lizard!
No target in view!
No target in view!
No target in view!
No target in view!
No target in view!
No target in view!
No target in view!
No target in view!
No target in view!
No target in view!
No target in view!
No target in view!
No target in view!
No target in view!
No target in view!
No target in view!
No target in view!
No target in view!
No target in view!
No target in view!
You pick up a book of Hexes and begin reading...
You add the spells Inner Flame, Cause Fear and Discord to your library.
Are you sure you want to abandon this character and quit the game? (Confirm with "yes".)

## ### ## .
#.. ..
#.#.# .# #
#.#.##.##.#
#..@......#
#.).†..####
####<..#
.........##
........##
........#
..#...#.# .
#..)..#
......#


There were no monsters in sight!

Vanquished Creatures
  2 dart slugs (D:1)
  4 bats
  5 endoplasms (D:1)
  2 giant cockroaches (D:1)
  2 goblins (D:1)
  A hobgoblin (D:1)
  3 kobolds
  2 quokkas (D:1)
  2 ball pythons (D:1)
  4 frilled lizards
27 creatures vanquished.

Notes
Turn   | Place    | Note
-------+----------+-------------------------------------------
     0 | D:1      | freelancePsychic the Formicid Wanderer began the quest for
                  | the Orb.
     0 | D:1      | freelancePsychic set off with the following items: a +0
                  | club, a scroll of fear, a +0 pair of gloves, a +0 leather
                  | armour, 2 potions of heal wounds {@q2}; and the following
                  | spell memorised: Sting; and the following spells available
                  | to memorise: Mephitic Cloud
     0 | D:1      | Reached XP level 1. HP: 15/15 MP: 2/2
   306 | D:1      | Reached XP level 2. HP: 20/21 MP: 3/3
   641 | D:1      | Reached XP level 3. HP: 11/27 MP: 5/5
  1125 | D:1      | Found a faded altar of an unknown god.
  1372 | D:1      | Prayed at the altar of an unknown god.
  1372 | D:1      | Became a worshipper of Nemelex Xobeh the Trickster
  1372 | D:1      | Reached * piety under Nemelex Xobeh
  1372 | D:1      | Received a gift from Nemelex Xobeh
  1413 | D:2      | Quit the game

Illustrated notes

Levels and vault maps discovered:
D:1:      dpeg_arrival_brainrot, layout_basic, shapermc_ecumenical_altar_pompeii
D:2:      layout_basic

Skill      XL: |  1  2 |
---------------+-------+-----
Stealth        | 3 |  3.1
Fighting       | |  1.9
Unarmed Combat | |  3.0
Spellcasting   | |  1.7
Poison Magic   | |  4.4
Invocations    | |  0.2

Action                   || total
-------------------------++-------
Melee: Club              ||     4
       Short sword       ||    48
 Cast: Sting             ||    10
  Use: Scroll            ||     1
 Stab: Sleeping          ||     3
Armor: Leather armour    ||    26
Dodge: Dodged            ||    33

Table legend: (Time is in decaauts)
 A = Elapsed time spent in this place.
 B = Non-inter-level travel time spent in this place.
 C = Inter-level travel time spent in this place.
 D = Time resting spent in this place.
 E = Time spent auto-exploring this place.
 F = Levels seen in this place.
 G = Mean time per level.
                   A        B        C        D        E       F      G
               +--------+--------+--------+--------+--------+-----+--------+
         Total |   1418 |   1323 |     95 |      0 |   1163 |   2 |  709.0 |
       Dungeon |   1418 |   1323 |     95 |      0 |   1163 |   2 |  709.0 |
               +--------+--------+--------+--------+--------+-----+--------+

Top non-repeatable levels by time:
     D:1: 1406 daAuts
     D:2: 11 daAuts
